 Seeded DCSS version 0.28-a0-312-gbced6e68ee (webtiles) character file.

Game seed: 7704828258330008827 (custom seed)

9 voltaire321 the Skirmisher (level 2, -1/32 HPs)
             Began as an Ogre Cinder Acolyte on Aug 31, 2021.
             Was a High Priest of Ignis.
             Slain by a kobold (5 damage)
             ... on level 1 of the Dungeon.
             The game lasted 00:00:55 (129 turns).

voltaire321 the Skirmisher (Ogre Cinder Acolyte)     Turns: 129, Time: 00:00:56

Health: -1/32      AC:  3    Str: 18    XL:     2   Next: 12%
Magic:  2/4        EV:  9    Int: 14    God:    Ignis [*****.]
Gold:   8          SH:  0    Dex:  4    Spells: 3/4 levels left

rFire   + . .      SeeInvis .   a - -1 mace (flame)
rCold   . . .      Faith    .   (no shield)
rNeg    . . .      Spirit   .   b - +0 robe
rPois   .          Reflect  .   (helmet restricted)
rElec   .          Harm     .   (no cloak)
rCorr   .          Rampage  .   (gloves unavailable)
Will    .....                   (boots unavailable)
Stlth   +.........              (no amulet)
HPRegen 0.10/turn               (no ring)
MPRegen 0.09/turn               (no ring)

@: no status effects
A: large, unfitting armour, tough skin 1
a: Renounce Religion, Sea of Fire, Foxfire Swarm, Rising Flame


You were on level 1 of the Dungeon.
You worshipped Ignis.
Ignis was extremely pleased with you.
You visited 1 branch of the dungeon, and saw 1 of its levels.

You collected 8 gold pieces.

Inventory:

Hand Weapons
 a - a -1 mace of flaming (weapon)
Armour
 b - a +0 robe (worn)
Scrolls
 c - a scroll of identify {unknown}
 d - a scroll of vulnerability {unknown}
 e - a scroll of acquirement {unknown}


   Skills:
 + Level 4.2 Fighting
 + Level 2.8 Maces & Flails
 + Level 1.5 Spellcasting
 + Level 1.1 Fire Magic


You had 3 spell levels left.
You knew the following spells:

 Your Spells              Type           Power      Damage    Failure   Level
a - Foxfire               Conj/Fire      8%         2x1d4     21%         1

Your spell library contained the following spells:

 Spells                   Type           Power      Damage    Failure   Level


Dungeon Overview and Level Annotations

Branches:
Dungeon (1/15)

Altars:

Shops:
D:1 :


Innate Abilities, Weirdness & Mutations

You are too large for most types of armour.
You have tough skin. (AC +1)


Message History

The bat hits you. The bat closely misses you.
You see here 21 poisoned darts.
The bat barely misses you.
You barely miss the hobgoblin. The hobgoblin closely misses you.
You closely miss the hobgoblin. The hobgoblin hits you.
You closely miss the hobgoblin. The hobgoblin closely misses you. x2
You closely miss the hobgoblin. The hobgoblin hits you.
You hit the hobgoblin but do no damage. The hobgoblin barely misses you.
You barely miss the hobgoblin. The hobgoblin hits you.
You barely miss the hobgoblin. The hobgoblin hits you.
* * * LOW HITPOINT WARNING * * *
The hobgoblin hits you.
* * * LOW HITPOINT WARNING * * *
You hit the hobgoblin. You burn the hobgoblin.
The hobgoblin is moderately wounded.
The hobgoblin hits you but does no damage.
You closely miss the hobgoblin.
The hobgoblin is moderately wounded.
The hobgoblin closely misses you.
You sock the hobgoblin! You burn the hobgoblin.
You kill the hobgoblin!
The bat completely misses you.
You closely miss the bat. The bat hits you but does no damage.
The bat completely misses you.
You hit the bat. You burn the bat.
You kill the bat!
The bat barely misses you. The goblin hits you but does no damage.
You have reached level 2!
You hit the goblin. You burn the goblin.
You kill the goblin!
The bat barely misses you. The kobold misses you.
You closely miss the kobold. The kobold hits you with a +0 whip.
* * * LOW HITPOINT WARNING * * *
You completely miss the kobold. The kobold barely misses you.
You closely miss the kobold. The kobold hits you with a +0 whip.
* * * LOW HITPOINT WARNING * * *
You miss the kobold. The kobold barely misses you.
The kobold closely misses you.
You closely miss the kobold. The kobold hits you with a +0 whip.
You die...

..........###...#.#
........#..#.#..#.#
........#.#.##..#.#
#...#..#.#.##..#.####
#...#.∩...†.........#
#..#.............##.#
#....b..#.########.#
##.##K###.# #)# ...
#@# #.# #.# ### #.#
#.# #.# #.# #.# #.#
#.# #.# #.# #.# #.#
#.# #.# #.### #.#
#.... #.# #####


You could see a bat and a kobold.

Vanquished Creatures
  An endoplasm (D:1)
  3 goblins (D:1)
  A hobgoblin (D:1)
  2 bats (D:1)
7 creatures vanquished.

Notes
Turn   | Place    | Note
-------+----------+-------------------------------------------
     0 | D:1      | voltaire321 the Ogre Cinder Acolyte began the quest for the
                  | Orb.
     0 | D:1      | Reached XP level 1. HP: 24/24 MP: 2/2
    74 | D:1      | Reached skill level 1 in Fire Magic
    90 | D:1      | Found Iveklaap's Book Emporium.
   124 | D:1      | Reached XP level 2. HP: 9/32 MP: 2/4
   129 | D:1      | Slain by a kobold

Illustrated notes

Levels and vault maps discovered:
D:1:      shiori_shiawase, layout_loops_ring, serial_shops, shop,
          minmay_hexomino_u4

Skill      XL: |  1 |
---------------+----+-----
Fire Magic     | 1 |  1.1
Fighting       | |  4.2
Maces & Flails | |  2.8
Spellcasting   | |  1.5

Action                   || total
-------------------------++-------
Melee: Mace              ||    31
Armor: Robe              ||    21
Dodge: Dodged            ||    35

Table legend: (Time is in decaauts)
 A = Elapsed time spent in this place.
 B = Non-inter-level travel time spent in this place.
 C = Inter-level travel time spent in this place.
 D = Time resting spent in this place.
 E = Time spent auto-exploring this place.
 F = Levels seen in this place.
 G = Mean time per level.
                   A        B        C        D        E       F      G
               +--------+--------+--------+--------+--------+-----+--------+
         Total |    136 |    136 |      0 |      0 |     61 |   1 |  136.0 |
       Dungeon |    136 |    136 |      0 |      0 |     61 |   1 |  136.0 |
               +--------+--------+--------+--------+--------+-----+--------+

Top non-repeatable levels by time:
     D:1: 136 daAuts
